 Dungeon Crawl Stone Soup version 0.29-a0-207-gf982a884d8 (webtiles) character file.

Game seed: 12109382356837815700

14382 horus123 the Arsonist (level 11, -12/54 HPs)
             Began as a Deep Elf Ice Elementalist on Feb 24, 2022.
             Was a Priest of Vehumet.
             Mangled by a fire giant
             ... wielding a +1 great sword of flaming
              (25 damage)
             ... on level 11 of the Dungeon.
             The game lasted 00:47:24 (14300 turns).

horus123 the Arsonist (Deep Elf Ice Elementalist)  Turns: 14300, Time: 00:47:29

Health: -12/54     AC: 12    Str:  8    XL:     11   Next: 88%
Magic:  2/27       EV: 12    Int: 23    God:    Vehumet [***...]
Gold:   884        SH:  0    Dex: 15    Spells: 4/30 levels left

rFire   . . .      SeeInvis +   g - +2 short sword (protect)
rCold   + . .      Faith    .   (no shield)
rNeg    + . .      Spirit   .   G - +1 robe "Virri" {rN+}
rPois   +          Reflect  .   c - +1 helmet
rElec   .          Harm     .   v - +0 cloak
rCorr   .          Rampage  .   t - +5 pair of gloves of the Devil's Team {Str+3}
Will    +....                   (no boots)
Stlth   ++........              q - amulet of magic regeneration
HPRegen 0.18/turn               m - ring of protection from cold
MPRegen 0.60/turn               k - ring of see invisible

@: freezing walls, very slightly contaminated
A: dopey 1, poison resistance
a: Renounce Religion


You were on level 11 of the Dungeon.
You worshipped Vehumet.
Vehumet was most pleased with you.
You visited 2 branches of the dungeon, and saw 12 of its levels.

You collected 884 gold pieces.

Inventory:

Hand Weapons
 g - a +2 short sword of protection (weapon)
Armour
 a - a +1 robe
 c - a +1 helmet (worn)
 t - the +5 pair of gloves of the Devil's Team (worn) {Str+3}
   (You found it on level 6 of the Dungeon)

   Str:       It affects your strength (+3).
 v - a +0 cloak (worn)
 C - a +1 robe of resistance
 G - the +1 robe "Virri" (worn) {rN+}
   (You found it on level 11 of the Dungeon)

   rN:        It protects you from negative energy.
Jewellery
 b - a ring of flight
 e - an amulet of guardian spirit
 k - a ring of see invisible (right hand)
 m - a ring of protection from cold (left hand)
 q - an amulet of magic regeneration (around neck)
 A - an amulet of reflection
Wands
 i - a wand of paralysis (10)
 w - a wand of iceblast (5)
 y - a wand of mindburst (9)
 D - a wand of polymorph (7)
Scrolls
 f - a scroll of teleportation
 h - a scroll of brand weapon
 j - a scroll of magic mapping
 l - 4 scrolls of amnesia
 n - a scroll of fear
 u - a scroll of blinking
 I - a scroll of identify
Potions
 d - a potion of berserk rage
 o - a potion of invisibility
 p - 2 potions of ambrosia
 r - a potion of magic
 s - a potion of might {unknown}
 x - a potion of resistance {unknown}
 z - a potion of attraction {unknown}
 B - a potion of lignification {unknown}
 E - a potion of flight {unknown}
 F - a potion of brilliance
 H - a potion of degeneration {unknown}


   Skills:
 - Level 2.4 Dodging
 - Level 2.4 Stealth
 - Level 10.1 Spellcasting
 - Level 10.5 Conjurations
 - Level 9.3 Transmutations
 - Level 12.0 Fire Magic
 - Level 8.2 Ice Magic


You had 4 spell levels left.
You knew the following spells:

 Your Spells              Type           Power      Damage    Failure   Level
a - Freeze                Ice            100%       1d11      1%          1
b - Frozen Ramparts       Ice            98%        1d11      1%          3
c - Ozocubu's Armour      Ice            49%        N/A       1%          3
d - Hailstorm             Conj/Ice       53%        3d12      1%          4
e - Irradiate             Conj/Tmut      27%        3d22      1%          5
f - Magic Dart            Conj           100%       1d8       1%          1
g - Scorch                Fire           100%       2d10      1%          2
h - Sticky Flame          Conj/Fire      59%        2d7       1%          4
i - Stone Arrow           Conj/Erth      70%        3d11      1%          3

Your spell library contained the following spells:

 Spells                   Type           Power      Damage    Failure   Level
 Static Discharge         Conj/Air       35%        N/A       1%          2
 Summon Small Mammal      Summ           44%        N/A       5%          1
 Call Canine Familiar     Summ           11%        N/A       17%         3
 Summon Guardian Golem    Hex/Summ       11%        N/A       17%         3
 Dispel Undead            Necr           11%        3d9       50%         4
 Blade Hands              Tmut           26%        N/A       3%          5
 Dragon Form              Tmut           26%        N/A       71%         7


Dungeon Overview and Level Annotations

Branches:
Dungeon (11/15)            Temple (1/1) D:4            Lair (0/6) D:10
    Orc: D:9-12

Altars:
Ashenzari
Cheibriados
Dithmenos
Elyvilon
Fedhas
Gozag
Hepliaklqana
Kikubaaqudgha
Makhleb
Nemelex Xobeh
Okawaru
Qazlal
Ru
Sif Muna
Trog
Uskayaw
Vehumet
Wu Jian
Xom
Yredelemnul
Zin
The Shining One

Shops:
D:6 (   D:8 [   D:9 *   D:11 ?


Innate Abilities, Weirdness & Mutations

You are dopey. (Int -2)
Your system is resistant to poisons. (rPois)


Message History

Aiming: Freeze (safe; 1% risk of failure)
Press: ? - help, Q - select action, (/) - cycle Shift-Dir - straight line, f - fire dragon
Aim: a fire dragon (heavily wounded)
You freeze the fire dragon.
The fire dragon is heavily wounded.
The fire dragon is frozen!
The wall freezes the fire dragon!
The fire dragon bites you.
* * * LOW HITPOINT WARNING * * *
The fire dragon misses you.
The fire dragon tramples you but does no damage.
The wall freezes the deep troll.
Okay, then.
Casting: Freeze (safe; 1% risk of failure)
Confirm with . or Enter, or press ? or * to list all spells.
You erupt in a fountain of uncontrolled magic!
The fire dragon is blasted with magical radiation!!!
You kill the fire dragon!
Vehumet accepts your kill.
The fire dragon scales are intact enough to wear.
The wall freezes the deep troll!
Casting: Irradiate (dangerous; 1% risk of failure)
Confirm with . or Enter, or press ? or * to list all spells.
You erupt in a fountain of uncontrolled magic!
The deep troll is blasted with magical radiation!!!
The deep troll is almost dead.
The deep troll twists and deforms.
The wall freezes the deep troll!
You kill the deep troll!
Vehumet accepts your kill.
You feel your power returning.
Your Fire Magic skill increases to level 12!
Casting: Irradiate (dangerous; 1% risk of failure)
Confirm with . or Enter, or press ? or * to list all spells.
Casting: Hailstorm (safe; 1% risk of failure)
Press: ? - help, Dir - look around, f - activate A cannonade of hail descends around you!
The hail pelts the fire giant!
The fire giant is lightly wounded.
The wall freezes the fire giant. x2
The fire giant hits you with a +1 great sword of flaming!!
You die...

# #......##.##.#.............# #
##.....####..............### ##
##...## ##.............## .##
#########...............# ##
..####.#.#.#.............#.## ##.
...#........#.#.##.......######..
#.#...##'#..#####.####...#.#.#.#.
#.....#..#...######k:##.........#
....#.#[.#...#..@##)[:#......#.#.
#..#..##'#...#.##C#Sc}#......#...
#.##..#(.#...#.###9####..........
......#.(#...##.###.##...........
......####...#...# #.#...........
...............#..# .#..<........
#...#......#.#...#...#........###
.....#....#..#########....#..## #
......#....... .............# #


You could see a fire giant, a yaktaur captain, a sea snake shaped shifter and a
war gargoyle.

Vanquished Creatures
  A frost giant (D:11)
  A fire dragon (D:11)
  6 two-headed ogres (D:11)
  Sonja (D:10)
  Lodul (D:11)
  A deep troll (D:11)
  An ugly thing (D:11)
  A manticore (D:7)
  A troll (D:7)
  3 yaks (D:9)
  Eustachio (D:5)
  2 wraiths
  2 steam dragons
  Edmund (D:5)
  3 acid dragons
  A water moccasin (D:5)
  4 ice beasts
  3 orc warriors
  2 black bears
  A hornet zombie (D:6)
  3 ogres (D:11)
  8 centaurs
  A kobold brigand (D:7)
  6 bullfrogs
  A scorpion (D:6)
  A gnoll sergeant (D:8)
  A wyvern skeleton (D:5)
  10 killer bees
  13 wights
  5 howler monkeys (D:10)
  5 centaur zombies
  3 orc priests
  2 bullfrog skeletons
  2 hounds
  A centaur skeleton (D:6)
  A gnoll shaman (D:6)
  9 orc wizards
  2 iguanas
  2 howler monkey zombies
  A howler monkey skeleton (D:7)
  13 gnolls
  5 adders
  A shadow imp (D:6)
  2 worms
  A dart slug (D:1)
  33 orcs
  7 ball pythons
  7 bats
  6 endoplasms
  4 giant cockroaches
  12 goblins
  9 hobgoblins
  8 jackals
  A quokka (D:4)
  3 frilled lizards
  9 kobolds
  3 rats
238 creatures vanquished.

Notes
Turn   | Place    | Note
-------+----------+-------------------------------------------
     0 | D:1      | horus123 the Deep Elf Ice Elementalist began the quest for
                  | the Orb.
     0 | D:1      | Reached XP level 1. HP: 10/10 MP: 6/6
   264 | D:1      | Reached XP level 2. HP: 13/15 MP: 6/9
   605 | D:1      | Found a faded altar of an unknown god.
   925 | D:1      | Reached XP level 3. HP: 19/19 MP: 9/11
   929 | D:1      | Learned a level 3 spell: Frozen Ramparts
   933 | D:1      | Learned a level 3 spell: Ozocubu's Armour
   974 | D:1      | Reached skill level 5 in Spellcasting
  1779 | D:2      | Reached XP level 4. HP: 21/24 MP: 10/13
  2366 | D:2      | Learned a level 4 spell: Hailstorm
  2415 | D:2      | You are sucked into a shaft and drop 1 floor!
  3415 | D:4      | Reached XP level 5. HP: 28/28 MP: 12/16
  3610 | D:4      | Reached skill level 5 in Ice Magic
  3861 | D:4      | Learned a level 5 spell: Irradiate
  3877 | D:4      | Found a staircase to the Ecumenical Temple.
  3888 | Temple   | Entered the Ecumenical Temple
  4234 | Temple   | Became a worshipper of Vehumet
  4580 | D:4      | Identified the +0 leather armour of Kindness {rPois MP-9
                  | Str+3 SInv}
  4636 | D:4      | Noticed a black bear
  4641 | D:4      | Killed a black bear
  4642 | D:4      | Reached XP level 6. HP: 24/32 MP: 10/18
  4784 | D:5      | Entered Level 5 of the Dungeon
  4784 | D:5      | Noticed a water moccasin
  4787 | D:5      | Killed a water moccasin
  4884 | D:5      | Noticed an ice beast
  5030 | D:5      | Noticed Eustachio
  5084 | D:5      | Killed Eustachio
  5085 | D:5      | Reached XP level 7. HP: 11/36 MP: 6/19
  5880 | D:5      | Noticed Edmund
  5890 | D:5      | Killed Edmund
  7210 | D:6      | Reached skill level 5 in Conjurations
  7210 | D:6      | Reached XP level 8. HP: 15/41 MP: 15/20
  7541 | D:6      | Identified the +5 pair of gloves of the Devil's Team
                  | {Str+3}
  7556 | D:6      | Found Duesit's Weapon Shoppe.
  7736 | D:6      | Found a blossoming altar of Fedhas.
  7778 | D:6      | Reached * piety under Vehumet
  7778 | D:6      | Offered knowledge of Magic Dart by Vehumet.
  8714 | D:6      | Reached skill level 5 in Transmutations
  9066 | D:7      | Reached XP level 9. HP: 32/45 MP: 11/21
  9747 | D:7      | Learned a level 1 spell: Magic Dart
  9798 | D:7      | Noticed a manticore
  9799 | D:7      | Noticed a troll
 10074 | D:7      | Killed a troll
 10125 | D:7      | Reached skill level 10 in Spellcasting
 10255 | D:7      | Killed a manticore
 10607 | D:8      | Reached ** piety under Vehumet
 10608 | D:8      | Offered knowledge of Foxfire by Vehumet.
 10641 | D:8      | Reached XP level 10. HP: 50/50 MP: 20/26
 10841 | D:8      | Found Sohauc's Armour Emporium.
 11468 | D:9      | Reached skill level 10 in Conjurations
 11643 | D:9      | Offered knowledge of Scorch by Vehumet.
 12073 | D:9      | Found Xifeanee's General Store.
 12444 | D:9      | Reached *** piety under Vehumet
 12484 | D:9      | Learned a level 2 spell: Scorch
 12619 | D:10     | Entered Level 10 of the Dungeon
 12983 | D:10     | Reached skill level 1 in Fire Magic
 13151 | D:10     | Reached skill level 2 in Fire Magic
 13209 | D:10     | Reached skill level 3 in Fire Magic
 13270 | D:10     | Found a staircase to the Lair.
 13322 | D:10     | Noticed Sonja
 13546 | D:10     | Killed Sonja
 13547 | D:10     | Reached skill level 5 in Fire Magic
 13561 | D:11     | Noticed a purple ugly thing
 13567 | D:11     | Learned a level 4 spell: Sticky Flame
 13571 | D:11     | Killed a white ugly thing
 13648 | D:11     | Reached skill level 6 in Fire Magic
 13648 | D:11     | Reached XP level 11. HP: 53/54 MP: 17/27
 13802 | D:11     | Found Diocreg's Magic Scroll Shop.
 13889 | D:11     | Identified the +1 robe "Virri" {rN+}
 13919 | D:11     | Noticed a two-headed ogre
 13920 | D:11     | Noticed a two-headed ogre
 13921 | D:11     | Noticed a two-headed ogre
 13921 | D:11     | Noticed a two-headed ogre
 13921 | D:11     | Noticed a two-headed ogre
 13921 | D:11     | Noticed Lodul
 13923 | D:11     | Noticed a two-headed ogre
 13924 | D:11     | Killed a two-headed ogre
 13925 | D:11     | Reached skill level 7 in Fire Magic
 13925 | D:11     | Killed a two-headed ogre
 13925 | D:11     | Offered knowledge of Stone Arrow by Vehumet.
 13927 | D:11     | Killed a two-headed ogre
 13928 | D:11     | Reached skill level 8 in Fire Magic
 13931 | D:11     | Killed Lodul
 13931 | D:11     | Killed a two-headed ogre
 13932 | D:11     | Reached skill level 9 in Fire Magic
 13932 | D:11     | Killed a two-headed ogre
 13933 | D:11     | Reached skill level 10 in Fire Magic
 13933 | D:11     | Killed a two-headed ogre
 13945 | D:11     | Gained mutation: You are dopey. (Int -2) [mutagenic glow]
 13955 | D:11     | Gained mutation: Your system is resistant to poisons.
                  | (rPois) [mutagenic glow]
 14202 | D:11     | Learned a level 3 spell: Stone Arrow
 14281 | D:11     | Noticed a frost giant
 14281 | D:11     | Noticed a deep troll
 14281 | D:11     | Noticed a crystal guardian
 14282 | D:11     | Found a runed translucent door.
 14284 | D:11     | Noticed a yaktaur captain
 14284 | D:11     | Noticed a fire giant
 14284 | D:11     | Noticed a fire dragon
 14284 | D:11     | Noticed an anaconda
 14284 | D:11     | Noticed a war gargoyle
 14286 | D:11     | Noticed a glowing orange brain
 14286 | D:11     | an anaconda changed into a glowing orange brain
 14287 | D:11     | a glowing orange brain changed into a dream sheep
 14292 | D:11     | Killed a frost giant
 14293 | D:11     | Reached skill level 11 in Fire Magic
 14294 | D:11     | Noticed a death drake
 14294 | D:11     | a yaktaur changed into a death drake
 14295 | D:11     | Noticed a sea snake
 14295 | D:11     | a death drake changed into a sea snake
 14298 | D:11     | Killed a fire dragon
 14299 | D:11     | Killed a deep troll
 14300 | D:11     | Reached skill level 12 in Fire Magic
 14300 | D:11     | Mangled by a fire giant

Illustrated notes

Levels and vault maps discovered:
D:1:      zelgadis_glass_arrival_small, layout_basic,
          ebering_ecumenical_altar_petrified, serial_forest,
          infiniplex_forest_clump_small, infiniplex_forest_clump_small,
          infiniplex_forest_clump_curved, infiniplex_forest_pool,
          infiniplex_forest_straight_4, infiniplex_forest_pool,
          infiniplex_forest_end_1, infiniplex_forest_straight_2,
          infiniplex_forest_lined_2, infiniplex_forest_corner_1
D:2:      layout_loops_ring, serial_aquarium, aquarium_bridge_island_small
          [aquarium_subvault_small_water, aquarium_subvault_window,
          aquarium_subvault_bridge, aquarium_subvault_wall,
          aquarium_subvault_bridge], aquarium_window_fake, aquarium_window_1,
          aquarium_view_2e, aquarium_balcony_3b, aquarium_pool_split,
          minivault_26, minmay_misc_feat_iff, hangedman_decor_lopped,
          minmay_misc_feat_room
D:3:      kennysheep_the_goblin_king, layout_basic
D:4:      layout_loops_ring, minmay_temple_entry_statues_pillars
D:5:      layout_cave_pods, kennysheep_cluttered_room, lemuel_flamethrower_2,
          uniq_edmund, uniq_eustachio
D:6:      layout_gridville, fedhas_bush_and_centaur_altar, serial_shops,
          nicolae_shop_hallway_plus, supply_closet_lemuel, grunt_ministairs_13,
          hangedman_abyss_or_decor_stabs, item_on_display_a
D:7:      minmay_clustersquares, layout_gridville
D:8:      layout_gridville, serial_shops, shop
D:9:      layout_roguey, david_orc_4, serial_shops, nicolae_shop_stone,
          centaur_isle
D:10:     layout_gridville, lair_entry_dummy, kennysheep_generic_room_5,
          uniq_sonja
D:11:     minmay_gate_of_8, layout_cross, serial_column_ruins,
          column_ruins_hut_water, column_ruins_open_small,
          column_ruins_open_small, column_ruins_grid_1, column_ruins_grid_1,
          column_ruins_open_tiny, serial_shops, nicolae_stop_n_shop_2,
          corexii_mini_fake_secret_closet, uniq_lodul
Temple:   mainiacjoe_temple_trianglar_array

Skill      XL: |  1  2  3  4  5  6  7  8  9 10 11 |
---------------+----------------------------------+-----
Spellcasting   | 4 5 7 10 | 10.1
Ice Magic      | 6 7 8 |  8.2
Conjurations   | 5 7 9 10 | 10.5
Transmutations | 5 7 9 |  9.3
Fire Magic     | 6 12 | 12.0
Dodging        | |  2.4
Stealth        | |  2.4

Action                   |  1- 3 |  4- 6 |  7- 9 | 10-12 || total
-------------------------+-------+-------+-------+-------++-------
Melee: Short sword       |    12 |    11 |   170 |    12 ||   205
       Unarmed           |     1 |       |       |       ||     1
       Punch             |     1 |       |     1 |       ||     2
 Cast: Freeze            |    57 |    62 |    57 |    34 ||   210
       Frozen Ramparts   |     1 |    12 |    18 |     9 ||    40
       Ozocubu's Armour  |       |     5 |    11 |     4 ||    20
       Hailstorm         |       |       |    17 |    23 ||    40
       Magic Dart        |       |       |    47 |    44 ||    91
       Irradiate         |       |       |     4 |    35 ||    39
       Sticky Flame      |       |       |       |     3 ||     3
       Scorch            |       |       |       |     4 ||     4
Evoke: Wand              |       |       |     2 |       ||     2
  Use: Scroll            |     3 |     6 |     5 |     3 ||    17
       Potion            |       |     1 |     3 |     4 ||     8
 Stab: Sleeping          |       |     3 |     3 |     1 ||     7
       Paralysed         |       |       |     4 |       ||     4
Armor: Robe              |    23 |    28 |   157 |    47 ||   255
Dodge: Dodged            |    51 |    40 |   219 |    58 ||   368

Table legend: (Time is in decaauts)
 A = Elapsed time spent in this place.
 B = Non-inter-level travel time spent in this place.
 C = Inter-level travel time spent in this place.
 D = Time resting spent in this place.
 E = Time spent auto-exploring this place.
 F = Levels seen in this place.
 G = Mean time per level.
                   A        B        C        D        E       F      G
               +--------+--------+--------+--------+--------+-----+--------+
         Total |  14335 |  13952 |    383 |   2970 |   8354 |  12 | 1194.6 |
       Dungeon |  13869 |  13520 |    349 |   2970 |   7958 |  11 | 1260.8 |
        Temple |    466 |    432 |     34 |      0 |    396 |   1 |  466.0 |
               +--------+--------+--------+--------+--------+-----+--------+

Top non-repeatable levels by time:
     D:5: 2400 daAuts
     D:6: 1852 daAuts
     D:1: 1617 daAuts
     D:7: 1354 daAuts
     D:9: 1303 daAuts
     D:4: 1061 daAuts
    D:10: 978 daAuts
     D:8: 944 daAuts
     D:3: 841 daAuts
     D:2: 797 daAuts
    D:11: 717 daAuts
  Temple: 466 daAuts
